 Dungeon Crawl Stone Soup version 0.25-a0-424-g80bd347ae0 (webtiles) character file.

Game seed: 3185607065469377956, levelgen mode: deterministic

134 zorance the Ogre Mage (level 5, 0/45 HPs)
             Began as an Ogre Wizard on Jan 20, 2020.
             Slain by an orc wizard
             ... wielding a +0 dagger
              (2 damage)
             ... on level 3 of the Dungeon.
             The game lasted 00:06:30 (3420 turns).

zorance the Ogre Mage (Ogre Wizard)                 Turns: 3420, Time: 00:06:31

Health: 0/45       AC:  3    Str: 11    XL:     5   Next: 17%
Magic:  1/11       EV: 10    Int: 20    God:
Gold:   57         SH:  0    Dex:  7    Spells: 2/12 levels left

rFire    . . .     SeeInvis .   g - +3 short sword
rCold    . . .     Gourm    .   (no shield)
rNeg     . . .     Faith    .   a - +0 robe
rPois    .         Spirit   .   b - +0 hat
rElec    .         Reflect  .   (no cloak)
rCorr    .         Harm     .   (gloves unavailable)
MR       .....                  (boots unavailable)
Stlth    +.........             (no amulet)
HPRegen  0.15/turn              (no ring)
MPRegen  0.12/turn              (no ring)

@: no status effects
A: large, unfitting armour, tough skin 1
a: no special abilities


You were on level 3 of the Dungeon.
You were hungry.

You visited 1 branch of the dungeon, and saw 3 of its levels.

You collected 57 gold pieces.

Inventory:

Hand Weapons
 g - a +3 short sword (weapon)
 k - a +1 dagger of flaming
Missiles
 f - 13 poisoned darts (quivered)
 n - a throwing net
Armour
 a - a +0 robe (worn)
 b - a +0 hat (worn)
 q - a +0 large shield
Scrolls
 c - 2 scrolls of teleportation {unknown}
 i - 3 scrolls of identify {unknown}
 l - 3 scrolls of amnesia {unknown}
 m - a scroll of noise {unknown}
 p - a scroll of random uselessness {unknown}
Potions
 e - 4 potions of lignification {unknown}
 h - a potion of brilliance {unknown}
 j - a potion of haste {unknown}
Comestibles
 d - 7 rations
 o - 3 chunks of flesh


   Skills:
 - Level 1.7 Dodging
 - Level 1.4 Stealth
 + Level 4.4 Spellcasting
 * Level 3.0 Conjurations
 - Level 2.0 Summonings
 - Level 0.8 Translocations
 + Level 0.4 Air Magic
 + Level 0.3 Poison Magic


You had 2 spell levels left.
You knew the following spells:

 Your Spells              Type           Power        Failure   Level  Hunger
a - Magic Dart            Conj           ###.         3%          1    None
b - Call Imp              Summ           ##......     8%          2    #......
c - Mephitic Cloud        Conj/Pois/Air  #.......     22%         3    ###....
d - Slow                  Hex            #.......     19%         2    #......
e - Blink                 Tloc           N/A          13%         2    #......

Your spell library contained the following spells:

 Spells                   Type           Power        Failure   Level  Hunger
 Conjure Flame            Conj/Fire      ##......     21%         3    ###....


Dungeon Overview and Level Annotations

Branches:
Dungeon (3/15)

Altars:
Hepliaklqana


Innate Abilities, Weirdness & Mutations

You are too large for most types of armour.
You have tough skin. (AC +1)


Message History

Attack!
Something hits your white imp but does no damage.
Your white imp barely misses something.
A puff of flame appears from out of thin air!
The puff of flame hits your white imp!
Your white imp is burned terribly!
Your white imp dies!
Your crimson imp disappears in a puff of smoke!
Something hits you.
* * * LOW HITPOINT WARNING * * *
Something hits you but does no damage.
You hear some strange, mumbled words.
A puff of flame appears from out of thin air!
The puff of flame hits you!
* * * LOW HITPOINT WARNING * * *
Casting: Call Imp (safe; 8% risk of failure)
Confirm with . or Enter, or press ? or * to list all spells.
A shadowy apparition takes form in the air.
Something hits you but does no damage. Something hits you.
You die...

#.#####.#####.###.# ## #.# #.#
#.# #.##.# #. #.# #.# #.# #.##.#
#. #.# #.# #.# #.##.# #5 #.# #.#
#.# #.##.# ##5 #.# #.# #.# #.##.#
#.. #.# #.# #.###.##.# #{o #.#
#.# #...o....## #.. #.# #.#
#@##......## #..
###.#####.#####5##...#รท5.#####..
#...........##...#####.#........
#.#.#....#.##.....## #...#####.#
#.#.....#..#.......####### #.#
#.###...#......_....>####### #.#
#.####....##.......#..##... ...
#......##.###.....####.#.# #.#
#..###)###..##...## ##..# #.#


You could see an orc and a friendly shadow imp.

Vanquished Creatures
  An orc wizard (D:3)
  5 adders (D:2)
  A leopard gecko (D:2)
  An orc (D:3)
  6 bats
  6 goblins
  8 hobgoblins
  A quokka (D:3)
  10 frilled lizards
  9 kobolds
  5 rats
53 creatures vanquished.

Vanquished Creatures (collateral kills)
  2 adders (D:2)
  A leopard gecko (D:3)
  An orc (D:3)
4 creatures vanquished.

Grand Total: 57 creatures vanquished

Notes
Turn   | Place    | Note
-------+----------+-------------------------------------------
     0 | D:1      | zorance the Ogre Wizard began the quest for the Orb.
     0 | D:1      | Reached XP level 1. HP: 16/16 MP: 5/5
   137 | D:1      | Reached skill level 1 in Conjurations
   754 | D:1      | Reached XP level 2. HP: 24/24 MP: 3/6
  1189 | D:2      | Reached skill level 4 in Spellcasting
  1201 | D:2      | Reached XP level 3. HP: 29/31 MP: 0/8
  1429 | D:2      | Learned a level 2 spell: Call Imp
  1699 | D:1      | Learned a level 3 spell: Mephitic Cloud
  1702 | D:1      | Learned a level 2 spell: Slow
  1705 | D:1      | Learned a level 2 spell: Blink
  1782 | D:2      | Reached skill level 1 in Summonings
  2035 | D:2      | Reached XP level 4. HP: 36/39 MP: 3/10
  3102 | D:3      | Found a hazy altar of Hepliaklqana.
  3389 | D:3      | Reached XP level 5. HP: 12/45 MP: 3/11
  3417 | D:3      | HP: 1/45 [something/puff of flame (7)]
  3420 | D:3      | Slain by an orc wizard

Levels and vault maps discovered:
D:1:      mrwooster_arrival_arrow, layout_basic, glass_columns_a
D:2:      minmay_recursive_quarters, layout_basic, minmay_misc_feat_nine_boxes
D:3:      cheibrodos_greedy_goblins, layout_loops_ring,
          nicolae_overflow_crystal_walls, lemuel_round_altar, first_ration

Skill      XL: |  1  2  3  4 |
---------------+-------------+-----
Conjurations   | 1 2 3 |  3.0
Spellcasting   | 4 |  4.4
Summonings     | 1 2 |  2.0
Dodging        | |  1.7
Stealth        | |  1.4
Translocations | |  0.8
Air Magic      | |  0.4
Poison Magic   | |  0.3

Action                   |  1- 3 |  4- 6 || total
-------------------------+-------+-------++-------
Melee: Short sword       |    24 |    20 ||    44
Throw: Dart              |     3 |     3 ||     6
 Cast: Magic Dart        |    49 |    43 ||    92
       Call Imp          |     5 |    12 ||    17
 Stab: Sleeping          |       |     1 ||     1
  Eat: Chunk             |     3 |     4 ||     7
Armor: Robe              |     8 |     9 ||    17
Dodge: Dodged            |    22 |    17 ||    39

Table legend:
 A = Non-vault XP
 B = Vault XP
 C = Vault XP percentage of total XP
 D = Non-vault monster count
 E = Vault monster count
 F = Vault count percentage of total count
                 A         B        C        D         E       F
            +---------+---------+-------+---------+---------+-------
      Total |     148 |      44 |  22.9 |      49 |       8 |  14.0
            +---------+---------+-------+---------+---------+-------
        D:1 |      17 |       0 |   0.0 |      12 |       0 |   0.0
        D:2 |      72 |      44 |  37.9 |      21 |       8 |  27.6
        D:3 |      59 |       0 |   0.0 |      16 |       0 |   0.0
            +---------+---------+-------+---------+---------+-------
